 Dungeon Crawl Stone Soup version 0.30-a0-723-gc1506a1cf0 (webtiles) character file.

Game seed: 11051531598866533035

664 Darius099 the Conjurer (level 7, -3/46 HPs)
             Began as a Human Conjurer on Jan 28, 2023.
             Was an Initiate of Sif Muna.
             Slain by a troll (14 damage)
             ... on level 5 of the Dungeon.
             The game lasted 00:19:21 (5656 turns).

Darius099 the Conjurer (Human Conjurer)             Turns: 5656, Time: 00:19:22

Health: -3/46      AC:  3    Str:  7    XL:     7   Next: 87%
Magic:  23/24      EV: 12    Int: 20    God:    Sif Muna [......]
Gold:   247        SH:  0    Dex: 12    Spells: 10/16 levels left

rFire   . . .      SeeInvis +    u - +5 hand axe "Unwunoiz" {spect, rC+ SInv}
rCold   + + .      Faith    .    (no shield)
rNeg    . . .      Spirit   .    a - +0 robe
rPois   +          Reflect  .    i - +0 helmet
rElec   .          Harm     .    (no cloak)
rCorr   .          Rampage  .    (no gloves)
Will    +....                    (no boots)
Stlth   ++                       (no amulet)
HPRegen 0.27/turn                n - ring "Raitolo" {Wiz rPois rC+ Will+ MP+9}
MPRegen 0.19/turn                (no ring)

@: no status effects
A: no striking features
a: Renounce Religion


You were on level 5 of the Dungeon.
You worshipped Sif Muna.
Sif Muna was noncommittal.
You visited 2 branches of the dungeon, and saw 7 of its levels.

You collected 247 gold pieces.

Inventory:

Hand Weapons
 u - the +5 hand axe "Unwunoiz" (weapon) {spect, rC+ SInv}
   (You found it on level 4 of the Dungeon)

   rC:        It protects you from cold.
   SInv:      It lets you see invisible.
Armour
 a - a +0 robe (worn)
 i - a +0 helmet (worn)
Magical Staves
 s - a staff of death
Jewellery
 m - an amulet of faith
 n - the ring "Raitolo" (left hand) {Wiz rPois rC+ Will+ MP+9}
   (You took it off a hobgoblin on level 2 of the Dungeon)

   [ring of wizardry]

   It improves your spell success rate.
   rC:        It protects you from cold.
   rPois:     It protects you from poison.
   MP:        It affects your magic capacity (+9).
   Will:      It increases your willpower.
 q - a ring of ice
Wands
 t - a wand of digging (5)
 w - a wand of flame (20)
Scrolls
 d - a scroll of amnesia {unknown}
 f - 2 scrolls of brand weapon {unknown}
 g - a scroll of silence {unknown}
 h - a scroll of magic mapping {unknown}
 j - a scroll of noise {unknown}
 k - 4 scrolls of teleportation {unknown}
 o - 2 scrolls of identify {unknown}
 p - a scroll of butterflies {unknown}
 v - a scroll of fog {unknown}
Potions
 c - 3 potions of heal wounds
 e - 4 potions of lignification {unknown}
 l - a potion of flight {unknown}
 r - a potion of might {unknown}
 x - a potion of cancellation {unknown}
 z - a potion of degeneration {unknown}
 A - 2 potions of curing {unknown}


   Skills:
 - Level 2.1 Dodging
 - Level 2.2 Stealth
 + Level 5.4 Spellcasting
 + Level 6.9 Conjurations


You had 10 spell levels left.
You knew the following spells:

 Your Spells              Type           Power      Damage    Failure   Level
a - Magic Dart            Conj           100%       1d8       1%          1
b - Dazzling Flash        Conj/Hex       38%        N/A       3%          3
c - Searing Ray           Conj           66%        2d6       1%          2

Your spell library contained the following spells:

 Spells                   Type           Power      Damage    Failure   Level
 Ensorcelled Hibernation  Hex/Ice        10%        N/A       7%          2
 Passwall                 Tmut/Erth      4%         N/A       7%          2
 Fulminant Prism          Conj/Hex       9%         3d7       11%         4
 Iskenderun's Mystic Bla  Conj/Tloc      19%        2d6       11%         4
 Frozen Ramparts          Ice            10%        1d2       13%         3
 Gell's Gravitas          Tloc           5%         N/A       13%         3
 Swiftness                Air            5%         N/A       13%         3
 Teleport Other           Tloc           5%         N/A       13%         3
 Ice Form                 Ice/Tmut       5%         N/A       38%         4
 Summon Ice Beast         Ice/Summ       5%         N/A       38%         4
 Dispersal                Tloc           2%         N/A       99%         6


Dungeon Overview and Level Annotations

Branches:
Dungeon (6/15)             Temple (1/1) D:4

Altars:
Ashenzari
Cheibriados
Dithmenos
Fedhas
Gozag
Hepliaklqana
Kikubaaqudgha
Makhleb
Okawaru
Qazlal
Ru
Sif Muna
Uskayaw
Vehumet
Wu Jian
Xom
The Shining One

Shops:
D:1 (

Annotations:
D:5 Dowan, Duvessa


Message History

Confirm with . or Enter, or press ? or * to list all spells.
Restarting spell: Searing Ray (safe; 1% risk of failure)
Press: ? - help, Shift-Dir - straight line, f/p - troll
Aim: a troll (moderately wounded, 81% to hit)
The searing ray hits the troll!
The troll is heavily wounded.
The searing ray misses the two-headed ogre. (Press . to maintain the ray.)
The troll barely misses you. x2; The troll misses you.
Casting: Searing Ray (safe; 1% risk of failure)
Confirm with . or Enter, or press ? or * to list all spells.
Restarting spell: Searing Ray (safe; 1% risk of failure)
Press: ? - help, Shift-Dir - straight line, f/p - troll
Aim: a troll (heavily wounded, 81% to hit)
The searing ray hits the troll.
The troll is severely wounded.
The searing ray hits the two-headed ogre.
The two-headed ogre is moderately wounded. (Press . to maintain the ray.)
The troll bites you! The troll claws you. The troll barely misses you.
Casting: Searing Ray (safe; 1% risk of failure)
Confirm with . or Enter, or press ? or * to list all spells.
You don't have enough magic to cast this spell.
Unknown command.
The troll attacks as you move away! The troll closely misses you.
The troll misses you. The troll claws you but does no damage.
Magic courses through your body. The troll barely misses you.
The troll claws you!
* * * LOW HITPOINT WARNING * * *
The troll closely misses you.
Casting: Searing Ray (safe; 1% risk of failure)
Confirm with . or Enter, or press ? or * to list all spells.
Aiming: Searing Ray (safe; 1% risk of failure)
Press: ? - help, Shift-Dir - straight line, f/p - troll
Aim: a troll (severely wounded, 81% to hit)
The searing ray hits the troll.
The troll is severely wounded. (Press . to maintain the ray.)
The troll completely misses you. The troll claws you!
You die...

.# .. #.# .# .# #.#
.####.# #.# .##...# .
#.## .##.### #. #..####
....# #.## ####.....##
..###
#...#######r........# ..#
#......TOS##'##....# .##
#..#..@####...# #.. .#
##...### #.S.# .# #..##.#
#...# .# ##.'†)# #.r.# .#
#..##.# #...# ....#
#...### #...#
.......#####.....##+#?$$#
... #.........#....####
....########..........


You could see a two-headed ogre, a troll, an adder and a quokka.

Vanquished Creatures
  A water moccasin (D:5)
  An ice beast (D:5)
  A phantom (D:3)
  A scorpion (D:5)
  A hound (D:3)
  A jelly (D:4)
  2 iguanas
  2 orc wizards
  A gnoll (D:2)
  5 adders
  3 worms
  3 dart slugs
  8 orcs
  15 endoplasms
  4 goblins
  8 hobgoblins
  2 jackals (D:5)
  7 quokkas
  8 ball pythons
  9 bats
  6 frilled lizards
  2 giant cockroaches
  8 kobolds
  8 rats
107 creatures vanquished.

Notes
Turn   | Place    | Note
-------+----------+-------------------------------------------
     0 | D:1      | Darius099 the Human Conjurer began the quest for the Orb.
     0 | D:1      | Reached XP level 1. HP: 13/13 MP: 3/3
    58 | D:1      | Found Posyaz's Weapon Boutique.
   320 | D:1      | Reached XP level 2. HP: 19/19 MP: 1/5
   908 | D:1      | Reached XP level 3. HP: 24/24 MP: 2/6
  1723 | D:2      | Identified the ring "Raitolo" {Wiz rPois rC+ Will+ MP+9}
  1867 | D:2      | Learned a level 3 spell: Dazzling Flash
  2162 | D:2      | Reached XP level 4. HP: 30/30 MP: 8/8
  2731 | D:2      | Reached skill level 5 in Conjurations
  2789 | D:2      | Reached XP level 5. HP: 24/35 MP: 9/9
  3124 | D:3      | Learned a level 2 spell: Searing Ray
  3141 | D:3      | Found a glowing golden altar of the Shining One.
  3206 | D:3      | Found a faded altar of an unknown god.
  3282 | D:3      | Found a burning altar of Makhleb.
  3479 | D:3      | Noticed a phantom
  3486 | D:3      | Killed a phantom
  3487 | D:3      | Reached XP level 6. HP: 41/41 MP: 12/12
  3557 | D:3      | Found a hazy altar of Hepliaklqana.
  4098 | D:4      | Identified the +5 hand axe "Unwunoiz" {spect, rC+ SInv}
  4461 | D:4      | Found a blossoming altar of Fedhas.
  4510 | D:4      | Reached skill level 6 in Conjurations
  4767 | D:4      | Found a staircase to the Ecumenical Temple.
  4779 | Temple   | Entered the Ecumenical Temple
  4836 | Temple   | Became a worshipper of Sif Muna the Loreminder
  5115 | D:5      | Entered Level 5 of the Dungeon
  5126 | D:5      | Reached XP level 7. HP: 46/46 MP: 13/13
  5265 | D:5      | You fall into a shaft and drop 1 floor!
  5398 | D:5      | Noticed Dowan
  5400 | D:5      | Noticed Duvessa
  5572 | D:5      | Reached skill level 5 in Spellcasting
  5635 | D:5      | Noticed a water moccasin
  5635 | D:5      | Noticed a two-headed ogre
  5635 | D:5      | Noticed a troll
  5649 | D:5      | Killed a water moccasin
  5656 | D:5      | Slain by a troll

Illustrated notes

Levels and vault maps discovered:
D:1:      minmay_arrival_arboretum_small, layout_loops_corners, serial_shops,
          shop
D:2:      minmay_diamond_boxcup, layout_basic, st_stairs_5
D:3:      layout_basic, nzn_hepliaklqana_mist_gate,
          mainiacjoe_overflow_small_starburst,
          mainiacjoe_overflow_six_doors_small, chequers_ecumenical_altar_island
D:4:      layout_cave_pods, mainiacjoe_overflow_surrounded_room, temple_hall
D:5:      layout_rooms, minmay_divided_ellipse, uniq_duvessa,
          uniq_crazy_yiuf_cottage
D:6:      layout_gridville, uniq_eustachio, uniq_maggie
Temple:   nicolae_temple_god_jail

Skill      XL: |  1  2  3  4  5  6  7 |
---------------+----------------------+-----
Spellcasting   | 3 4 5 |  5.4
Conjurations   | 5 6 |  6.9
Dodging        | |  2.1
Stealth        | |  2.2

Action                     |  1- 3 |  4- 6 |  7- 9 || total
---------------------------+-------+-------+-------++-------
  Melee: Whip              |     3 |     1 |       ||     4
   Cast: Magic Dart        |    81 |   148 |     7 ||   236
         Searing Ray       |       |     2 |    19 ||    21
         Dazzling Flash    |       |     3 |     1 ||     4
    Use: Potion            |       |       |     2 ||     2
   Stab: Sleeping          |     1 |     1 |       ||     2
 Armour: Robe              |     2 |     8 |     8 ||    18
  Dodge: Dodged            |     6 |    22 |    26 ||    54

Table legend: (Time is in decaauts)
 A = Elapsed time spent in this place.
 B = Non-inter-level travel time spent in this place.
 C = Inter-level travel time spent in this place.
 D = Time resting spent in this place.
 E = Time spent auto-exploring this place.
 F = Levels seen in this place.
 G = Mean time per level.
                   A        B        C        D        E       F      G
               +--------+--------+--------+--------+--------+-----+--------+
         Total |   5659 |   5483 |    176 |    249 |   4100 |   7 |  808.4 |
       Dungeon |   5586 |   5432 |    154 |    249 |   4076 |   6 |  931.0 |
        Temple |     73 |     51 |     22 |      0 |     24 |   1 |   73.0 |
               +--------+--------+--------+--------+--------+-----+--------+

Top non-repeatable levels by time:
     D:2: 1595 daAuts
     D:1: 1359 daAuts
     D:4: 1095 daAuts
     D:3: 1092 daAuts
     D:5: 431 daAuts
  Temple: 73 daAuts
     D:6: 11 daAuts
